 Dungeon Crawl Stone Soup version 0.23-a0-642-g3120c2f (webtiles) character file.

9 Azzok the Digger (level 2, 4/19 HPs)
             Began as a Demonspawn Earth Elementalist on Dec 30, 2018.
             Quit the game on level 1 of the Dungeon.
             The game lasted 00:00:30 (96 turns).

Azzok the Digger (Demonspawn Earth Elementalist)      Turns: 96, Time: 00:00:30

Health: 4/19       AC:  2    Str:  8    XL:     2   Next: 3%
Magic:  0/5        EV: 12    Int: 16    God:
Gold:   0          SH:  0    Dex: 13    Spells: 4/5 levels left

rFire    . . .     SeeInvis .   a - +3 short sword (speed)
rCold    . . .     Gourm    .   (no shield)
rNeg     . . .     Faith    .   c - +0 robe
rPois    .         Spirit   .   (no helmet)
rElec    .         Reflect  .   (no cloak)
rCorr    .         Harm     .   (no gloves)
MR       .....                  (no boots)
Stlth    +++.......             (no amulet)
HPRegen  0.06/turn              (no ring)
MPRegen  0.09/turn              (no ring)

@: very slightly contaminated
A: nightstalker 1
a: no special abilities


You were on level 1 of the Dungeon.
You were not hungry.

You visited 1 branch of the dungeon, and saw 1 of its levels.

Inventory:

Hand Weapons
 a - a +3 short sword of speed (weapon)
Missiles
 b - 24 stones (quivered)
Armour
 c - a +0 robe (worn)
Comestibles
 d - a ration


   Skills:
 - Level 1.7 Dodging
 - Level 1.7 Stealth
 + Level 2.3 Spellcasting
   Level 0.8 Transmutations
 + Level 3.0 Earth Magic


You had 4 spell levels left.
You knew the following spells:

 Your Spells              Type           Power        Failure   Level  Hunger
a - Sandblast             Erth           ##....       6%          1    #......

Your spell library contained the following spells:

 Spells                   Type           Power        Failure   Level  Hunger
 Passwall                 Tmut/Erth      #.......     14%         2    ###....
 Stone Arrow              Conj/Erth      #.....       32%         3    ###....
 Petrify                  Tmut/Erth      #.......     65%         4    #####..
 Lee's Rapid Deconstruct  Erth           ##........   85%         5    ######.


Dungeon Overview and Level Annotations

Branches:
Dungeon (1/15)

Altars:


Innate Abilities, Weirdness & Mutations

You are slightly more attuned to the shadows.


Message History

The blast of sand misses the jackal.
The blast of sand hits the bat.
You kill the bat!
Your Earth Magic skill increases to level 3!
b - 24 stones The jackal closely misses you.
The jackal bites you but does no damage.
The jackal bites you.
* * * LOW HITPOINT WARNING * * *
Casting: Sandblast (safe; 6% risk of failure)
Confirm with . or Enter, or press ? or * to list all spells.
You don't have enough magic to cast that spell.
Casting: Sandblast (safe; 6% risk of failure)
Confirm with . or Enter, or press ? or * to list all spells.
You don't have enough magic to cast that spell.
You hit the jackal.
You kill the jackal!
You have reached level 2!
Your demonic ancestry asserts itself...
You slip into the darkness of the dungeon.
Are you sure you want to abandon this character and quit the game? (Confirm

▒·▒rr▒▒▒▒········▒
▒·▒·hg···········▒▒
▒▒▒▒▒▒·▒·▒▒▒▒▒··········
▒·)····▒···▒▒▒r·······)·
▒······▒▒▒··············
▒·····w▒ ▒▒▒▒···········
▒······▒▒▒ ▒g·····▒▒▒·▒
▒·▒▒▒▒···▒▒▒▒hb····▒ ·
▒···▒▒▒▒·@hh▒······▒
▒·▒·▒ ▒▒▒▒ggr·····▒
▒▒▒▒▒▒'▒·▒ ▒▒▒······▒
▒······╬·▒ ▒··$···▒
▒·▒▒▒▒╬▒▒▒ ▒······▒
▒·▒··▒·▒ ▒······▒
▒·╬·<'·▒ ▒······▒
▒·▒··▒·▒ ▒▒▒▒▒▒▒▒
▒·▒▒▒▒·▒


You could see 2 jackals, 2 goblins and a rat.

Vanquished Creatures
  An ooze (D:1)
  2 jackals (D:1)
  A bat (D:1)
  A frilled lizard (D:1)
5 creatures vanquished.

Notes
Turn   | Place    | Note
-------+----------+-------------------------------------------
     0 | D:1      | Azzok the Demonspawn Earth Elementalist began the quest for
                  | the Orb.
     0 | D:1      | Reached XP level 1. HP: 13/13 MP: 3/3
    94 | D:1      | Reached skill level 3 in Earth Magic
    95 | D:1      | Gained mutation: You are slightly more attuned to the
                  | shadows. [demonic ancestry]
    95 | D:1      | Reached XP level 2. HP: 4/19 MP: 0/5
    96 | D:1      | Quit the game

Vault maps used:
D:1:      ncdulo_smallfort

Skill      XL: |  1 |
---------------+----+-----
Earth Magic    | 3 |  3.0
Dodging        | |  1.7
Stealth        | |  1.7
Spellcasting   | |  2.3
Transmutations | |  0.8

Action                   || total
-------------------------++-------
Melee: Short sword       ||     1
       Unarmed           ||     1
 Cast: Sandblast         ||     6
Armor: Robe              ||     5
Dodge: Dodged            ||    11

Table legend:
 A = Non-vault XP
 B = Vault XP
 C = Vault XP percentage of total XP
 D = Non-vault monster count
 E = Vault monster count
 F = Vault count percentage of total count
                 A         B        C        D         E       F
            +---------+---------+-------+---------+---------+-------
      Total |      13 |       0 |   0.0 |       5 |       0 |   0.0
            +---------+---------+-------+---------+---------+-------
        D:1 |      13 |       0 |   0.0 |       5 |       0 |   0.0
            +---------+---------+-------+---------+---------+-------
